 Dungeon Crawl Stone Soup version 0.26-b1-32-g5d43845318 (webtiles) character file.

Game seed: 14844824067674114706

8208 Borgoz the Fighter (level 11, 0/97 HPs)
             Began as a Ghoul Gladiator on Jan 13, 2021.
             Was a High Priest of Okawaru.
             Slain by a vampire (4 damage)
             ... on level 10 of the Dungeon.
             The game lasted 00:15:56 (10520 turns).

Borgoz the Fighter (Ghoul Gladiator)               Turns: 10520, Time: 00:15:57

Health: 0/97       AC: 10    Str: 20    XL:     11   Next: 27%
Magic:  13/13      EV: 17    Int:  3    God:    Okawaru [*****.]
Gold:   510        SH:  0    Dex: 14    Spells: 7/10 levels left

rFire    . . .     SeeInvis .   a - +1 flail
rCold    + + .     Faith    +   (no shield)
rNeg     + + +     Spirit   .   s - +0 leather armour
rPois    ∞         Reflect  .   x - +2 hat {Will+}
rElec    +         Harm     .   l - +2 cloak
rCorr    .         Rampage  .   (no gloves)
Will     ++...                  d - +0 pair of boots {Stlth+}
Stlth    ++........             o - amulet of faith
HPRegen  0.00/turn              r - ring of Poxtum {rElec rPois rN+ Will+ Dex+2}
MPRegen  0.13/turn              y - ring of protection from cold

@: mighty
A: claws 1, cold resistance 1, negative energy resistance 3, inhibited
regeneration, torment resistance, unbreathing
a: Renounce Religion, Heroism, Finesse


You were on level 10 of the Dungeon.
You worshipped Okawaru.
Okawaru was extremely pleased with you.
You visited 2 branches of the dungeon, and saw 12 of its levels.
You also visited: Ossuary.

You collected 510 gold pieces.

Inventory:

Hand Weapons
 a - a +1 flail (weapon)
 b - the +8 short sword of Soomabi {vorpal, rElec}
   (You found it on level 4 of the Dungeon)

   It inflicts extra damage upon your enemies.
   It insulates you from electricity.
Missiles
 f - 3 throwing nets (quivered)
Armour
 d - a +0 pair of boots of stealth (worn)
 l - a +2 cloak (worn)
 s - a +0 leather armour (worn)
 x - a +2 hat of willpower (worn)
Jewellery
 o - an amulet of faith (around neck)
 r - the ring of Poxtum (left claw) {rElec rPois rN+ Will+ Dex+2}
   (You acquired it on level 6 of the Dungeon)

   [ring of willpower]

   It affects your dexterity (+2).
   It insulates you from electricity.
   It protects you from poison.
   It protects you from negative energy.
   It affects your willpower, your defense against some magical effects.
 y - a ring of protection from cold (right claw)
 F - an uncursed ring of stealth
Wands
 i - a wand of iceblast (13)
 w - a wand of digging (5)
 z - a wand of flame (46)
Scrolls
 c - a scroll of immolation {unknown}
 g - 3 scrolls of enchant armour
 j - 2 scrolls of enchant weapon
 k - a scroll of identify
 p - 6 scrolls of remove curse
 v - 5 scrolls of teleportation
 C - a scroll of summoning
 D - a scroll of magic mapping {unknown}
Potions
 e - 2 potions of curing
 h - 2 potions of haste
 m - a potion of cancellation
 n - a potion of resistance
 q - a potion of might
 A - 3 potions of flight
 E - a potion of magic {unknown}


   Skills:
 * Level 9.3 Fighting
 * Level 8.1 Maces & Flails
 - Level 1.7 Throwing
 * Level 7.4 Armour
 * Level 8.1 Dodging
 - Level 5.0 Invocations


You had 7 spell levels left.
You knew the following spells:

 Your Spells              Type           Power        Failure   Level
a - Confusing Touch       Hex            0%           91%         3

Your spell library contained the following spells:

 Spells                   Type           Power        Failure   Level
 Corona                   Hex            0%           56%         1
 Ensorcelled Hibernation  Hex/Ice        0%           71%         2
 Dazzling Flash           Conj/Hex       0%           91%         3
 Tukima's Dance           Hex            0%           91%         3


Dungeon Overview and Level Annotations

Branches:
Dungeon (11/15)            Temple (1/1) D:4         Ossuary (visited)
   Lair: D:8-11         Orc: D:9-12

Altars:
Ashenzari
Cheibriados
Dithmenos
Elyvilon
Fedhas
Gozag
Hepliaklqana
Kikubaaqudgha
Makhleb
Nemelex Xobeh
Okawaru
Qazlal
Ru
Sif Muna
Trog
Uskayaw
Vehumet
Wu Jian
Xom
Yredelemnul
Zin
The Shining One

Shops:
D:5 !   D:7 :   D:10 *

Annotations:
D:8 1 runed translucent door, exclusion: 4 orange crystal statues


Innate Abilities, Weirdness & Mutations

You thrive by killing the living.
You are immune to poison.
You have sharp fingernails.
Your flesh is cold resistant. (rC+)
You are immune to negative energy. (rN+++)
You do not regenerate when monsters are visible.
You are immune to unholy pain and torment.
You can survive without breathing.


Message History

You feel less confused. Something hits you but does no damage.
Something bites you but does no damage.
You closely miss something. Something hits you but does no damage.
Something bites you but does no damage.
You miss something. Something hits you.
* * * LOW HITPOINT WARNING * * *
Something bites you!
* * * LOW HITPOINT WARNING * * *
You barely miss something. Something barely misses you. Something bites you!
* * * LOW HITPOINT WARNING * * *
You feel better. Something hits you but does no damage.
Something completely misses you.
You barely miss something. Something hits you.
* * * LOW HITPOINT WARNING * * *
Something bites you.
* * * LOW HITPOINT WARNING * * *
You hit something. Something hits you!
* * * LOW HITPOINT WARNING * * *
Something bites you.
You die...

#...###########
##............#
#.##########.#####
.######.#######.........
.............##.##.#####
#######.####.## #.# #.#
#.# #{# #.# #@# #.# #.#
#.# #.# # #.# #.####.##
#.# ##########....(...
#.# #......w........##
#.# #..........######
#.# # #..###.###.# #.# #
##..#...#..# #.# #


There were no monsters in sight!

Vanquished Creatures
  Gastronok (D:10)
  Erolcha (D:9)
  Harold (D:9)
  A two-headed ogre (D:10)
  2 tyrant leeches (D:10)
  A wraith (D:8)
  2 vampire mosquitoes
  An orc warrior (D:7)
  2 ice beasts
  5 phantoms
  2 black bears (D:9)
  3 ogres
  2 centaurs (D:9)
  2 big kobolds
  An elf zombie (Ossuary)
  6 bullfrogs
  2 scorpions
  3 killer bees (D:10)
  3 centaur zombies
  2 bullfrog zombies
  4 hounds
  2 human zombies (Ossuary)
  2 centaur skeletons
  2 gnoll shamans
  An orc priest (D:10)
  A jelly (D:10)
  2 bullfrog skeletons
  An iguana (D:5)
  Ijyb (D:5)
  3 orc wizards
  3 worker ants
  A big kobold zombie (Ossuary)
  2 hound zombies
  3 mummies (Ossuary)
  2 howler monkey skeletons
  13 gnolls
  13 adders
  A shadow imp (D:5)
  2 white imps
  4 oozes
  4 adder zombies
  2 adder skeletons
  4 dart slugs
  2 leopard geckos
  24 orcs
  9 bats
  3 giant cockroaches
  2 gnoll zombies (Ossuary)
  9 goblins
  10 hobgoblins
  10 jackals
  3 quokkas
  A ball python (D:2)
  A ball python skeleton (D:6)
  8 frilled lizards
  7 goblin zombies (Ossuary)
  2 hobgoblin zombies (Ossuary)
  2 jackal zombies (Ossuary)
  18 kobolds
  5 kobold zombies (Ossuary)
  An orc zombie (Ossuary)
  A quokka zombie (Ossuary)
  9 rats
  4 rat zombies (Ossuary)
  A spectral orc (D:7)
248 creatures vanquished.

Vanquished Creatures (others)
  A plant (D:3)
1 creature vanquished.

Grand Total: 249 creatures vanquished

Notes
Turn   | Place    | Note
-------+----------+-------------------------------------------
     0 | D:1      | Borgoz the Ghoul Gladiator began the quest for the Orb.
     0 | D:1      | Reached XP level 1. HP: 17/17 MP: 0/0
   157 | D:1      | Reached XP level 2. HP: 25/25 MP: 1/1
   440 | D:1      | Found an iron altar of Okawaru.
   465 | D:1      | Became a worshipper of Warmaster Okawaru
   574 | D:1      | Reached XP level 3. HP: 29/30 MP: 2/2
   832 | D:2      | Reached skill level 1 in Armour
  1001 | D:2      | Reached XP level 4. HP: 23/37 MP: 3/3
  1075 | D:2      | Found a hazy altar of Hepliaklqana.
  1100 | D:2      | Reached skill level 3 in Fighting
  1410 | D:2      | Found a shadowy altar of Dithmenos.
  1543 | D:3      | Found a faded altar of an unknown god.
  1931 | D:3      | Reached skill level 1 in Invocations
  1937 | D:3      | Reached XP level 5. HP: 45/45 MP: 4/4
  2419 | D:4      | Found a staircase to the Ecumenical Temple.
  2489 | Temple   | Entered the Ecumenical Temple
  2776 | D:4      | Found a sparkling altar of Nemelex Xobeh.
  2875 | D:4      | Got a masterwork short sword
  2876 | D:4      | Identified the +8 short sword of Soomabi {vorpal, rElec}
                  | (You found it on level 4 of the Dungeon)
  2952 | D:5      | Entered Level 5 of the Dungeon
  3029 | D:5      | Found a snail-covered altar of Cheibriados.
  3040 | D:5      | Noticed an ice beast
  3054 | D:5      | Killed an ice beast
  3054 | D:5      | Reached * piety under Okawaru
  3055 | D:5      | Reached XP level 6. HP: 41/52 MP: 6/6
  3191 | D:5      | Found Naluqah's Distillery.
  3259 | D:5      | Reached skill level 4 in Fighting
  3392 | D:5      | Noticed Ijyb
  3398 | D:5      | Killed Ijyb
  3431 | D:5      | Reached ** piety under Okawaru
  3432 | D:5      | Reached XP level 7. HP: 59/59 MP: 7/7
  3568 | D:5      | Found a shimmering altar of Xom.
  3993 | D:6      | Reached skill level 5 in Fighting
  3993 | D:6      | Reached XP level 8. HP: 60/68 MP: 9/9
  4027 | D:6      | Reached *** piety under Okawaru
  4275 | D:6      | Found a sand-covered staircase.
  4290 | D:6      | Reached skill level 5 in Maces & Flails
  4290 | D:6      | Reached skill level 5 in Dodging
  4420 | Ossuary  | Entered an ossuary
  5173 | D:6      | Identified a scroll of acquirement
  5173 | D:6      | Acquired the ring of Poxtum {rElec rPois rN+ Will+ Dex+2}
  5270 | D:6      | Reached skill level 6 in Fighting
  5500 | D:7      | Found a basalt altar of Yredelemnul.
  5696 | D:7      | Found a radiant altar of Vehumet.
  5878 | D:7      | Reached XP level 9. HP: 23/75 MP: 10/10
  5891 | D:7      | Reached **** piety under Okawaru
  5891 | D:7      | Received a gift from Okawaru
  5946 | D:7      | Found a white marble altar of Elyvilon.
  6235 | D:7      | Found Boewnah's Book Boutique.
  6244 | D:7      | Learned a level 3 spell: Confusing Touch
  6990 | D:8      | Found a runed translucent door.
  6991 | D:8      | Noticed an orange crystal statue
  6992 | D:8      | Found the +10 tower shield of Ignorance {rN+ Int-4}
  7016 | D:8      | Found a runed translucent door.
  7302 | D:8      | Reached skill level 5 in Armour
  7392 | D:8      | Found a shimmering blue altar of Sif Muna.
  7392 | D:8      | Found a broken altar of Ashenzari.
  7776 | D:9      | Noticed Harold
  7782 | D:9      | Noticed Erolcha
  7816 | D:9      | Killed Harold
  7817 | D:9      | Reached skill level 7 in Fighting
  7817 | D:9      | Reached XP level 10. HP: 21/86 MP: 12/12
  7828 | D:9      | Killed Erolcha
  7828 | D:9      | Reached ***** piety under Okawaru
  7829 | D:9      | Reached skill level 5 in Invocations
  8061 | D:9      | Found a bloodstained altar of Trog.
  8187 | D:9      | Reached skill level 8 in Fighting
  8206 | D:9      | Received a gift from Okawaru
  8282 | D:9      | Found a sacrificial altar of Ru.
  8658 | D:10     | Entered Level 10 of the Dungeon
  9021 | D:10     | Noticed Gastronok
  9060 | D:10     | Killed Gastronok
  9061 | D:10     | Reached XP level 11. HP: 58/95 MP: 13/13
  9237 | D:10     | Reached skill level 9 in Fighting
  9287 | D:10     | Noticed a two-headed ogre
  9303 | D:10     | Killed a two-headed ogre
  9543 | D:10     | Found Zoeshei's Assorted Antiques.
 10064 | D:8      | Noticed an orange crystal statue
 10064 | D:8      | Noticed an orange crystal statue
 10064 | D:8      | Noticed an orange crystal statue
 10466 | D:10     | Found the +12 Vampire's Tooth {vamp}
 10520 | D:10     | HP: 4/97 [something (10)]
 10520 | D:10     | Slain by a vampire

Illustrated notes

Levels and vault maps discovered:
D:1:      minmay_arrival_stone_box, layout_basic, okawaru_ov_weapons_minmay
D:2:      layout_rooms, lemuel_crystal_altar, nicolae_overflow_crystal_walls
D:3:      layout_loops_ring, chequers_ecumenical_altar_lobes
D:4:      layout_rooms, kennysheep_mini_moat, minmay_temple_entry_slanted
D:5:      minmay_angry_zag, layout_basic, overflow_temple_1_default,
          serial_shops, nicolae_shop_competitors_out_of_business,
          xom_teletrap_fun, uniq_ijyb
D:6:      layout_cave_pools, enter_ossuary_5
D:7:      layout_layer_cave, yredelemnul_forgotten_temple_becter,
          elyvilon_altar_3, serial_shops, shop, vehumet_altar_wand_db
D:8:      layout_loops_corners, minitemple, chequers_guarded_unrand_ignorance
D:9:      layout_loops_ring, trog_ov_bears_minmay, lemuel_doored_altar,
          uniq_harold, uniq_erolcha
D:10:     layout_loops_ring, serial_shops, shop_statue,
          minmay_guarded_unrand_vampires_tooth, uniq_gastronok
D:11:     layout_cross, minmay_lair_entry_grove, hiddenorc2_lemuel, uniq_sonja,
          uniq_snorg
Temple:   eino_temple_lava

Skill      XL: |  1  2  3  4  5  6  7  8  9 10 11 |
---------------+----------------------------------+-----
Dodging        | 3 4 5 6 7 8 |  8.1
Maces & Flails | 3 4 5 6 7 8 |  8.1
Armour         | 1 2 3 4 5 7 |  7.4
Fighting       | 3 4 5 6 7 8 9 |  9.3
Invocations    | 1 2 3 4 5 |  5.0
Throwing       | |  1.7

Action                   |  1- 3 |  4- 6 |  7- 9 | 10-12 || total
-------------------------+-------+-------+-------+-------++-------
Melee: Flail             |   148 |   146 |       |   187 ||   481
       Short sword       |       |    40 |   442 |    81 ||   563
Throw: Throwing net      |       |       |     2 |     2 ||     4
Evoke: Wand              |       |       |       |    13 ||    13
  Use: Scroll            |       |    12 |     8 |     3 ||    23
       Potion            |       |       |    11 |     4 ||    15
 Stab: Sleeping          |       |       |     2 |     3 ||     5
       Invisible         |       |       |     1 |       ||     1
       Paralysed         |       |       |       |     7 ||     7
       Held in net/web   |       |       |       |     3 ||     3
Armor: Leather armour    |    98 |    86 |   148 |   112 ||   444
Dodge: Dodged            |   176 |   123 |   368 |   260 ||   927
